 Dungeon Crawl Stone Soup version 0.29.1-2-gbd0b4ee654 (webtiles) character file.

Game seed: 10543329274648243196

75 Firos the Changer (level 4, -3/28 HPs)
             Began as an Octopode Transmuter on Nov 8, 2022.
             Slain by a gnoll
             ... wielding a +2 whip of venom
              (6 damage)
             ... on level 3 of the Dungeon.
             The game lasted 00:02:33 (2337 turns).

Firos the Changer (Octopode Transmuter)             Turns: 2337, Time: 00:02:34

Health: -3/28      AC:  2    Str:  9    XL:     4   Next: 31%
Magic:  5/8        EV: 19    Int: 17    God:
Gold:   81         SH:  0    Dex: 17    Spells: 2/8 levels left

rFire   . . .      SeeInvis .     - Unarmed
rCold   . . .      Faith    +   (shield currently unavailable)
rNeg    . . .      Spirit   .   (helmet currently unavailable)
rPois   x          Reflect  .   b - amulet of faith
rElec   .          Harm     .   (no ring)
rCorr   .          Rampage  .   (no ring)
Will    .....                   (no ring)
Stlth   ++........              (no ring)
HPRegen 0.09/turn               (no ring)
MPRegen 0.11/turn               (no ring)
                                (no ring)
                                (no ring)

@: lethally poisoned (-3 -> -20), spider-form
A: venomous fangs, almost no armour, (amphibious), 8 rings, tiny, (camouflage
1), (gelatinous body 1), (nimble swimmer 1), (tentacles)
a: End Transformation


You were on level 3 of the Dungeon.
You were a venomous arachnid creature.
You visited 1 branch of the dungeon, and saw 3 of its levels.

You collected 81 gold pieces.

Inventory:

Jewellery
 b - an amulet of faith (around neck)
Potions
 a - a potion of lignification
 d - a potion of brilliance {unknown}
 e - 2 potions of curing {unknown}
 f - a potion of attraction {unknown}


   Skills:
 - Level 1.0 Fighting
 - Level 2.0 Dodging
 - Level 3.0 Unarmed Combat
 + Level 2.8 Spellcasting
 * Level 3.8 Transmutations


You had 2 spell levels left.
You knew the following spells:

 Your Spells              Type           Power      Damage    Failure   Level
a - Beastly Appendage     Tmut           30%        N/A       12%         1
b - Wereblood             Tmut           15%        N/A       16%         2
c - Spider Form           Tmut/Pois      8%         N/A       45%         3

Your spell library contained the following spells:

 Spells                   Type           Power      Damage    Failure   Level
 Ensorcelled Hibernation  Hex/Ice        4%         N/A       47%         2
 Ice Form                 Ice/Tmut       8%         N/A       82%         4
 Anguish                  Hex/Necr       1%         N/A       96%         4


Dungeon Overview and Level Annotations

Branches:
Dungeon (3/15)

Altars:


Innate Abilities, Weirdness & Mutations

You are a venomous arachnid creature.
You have poisonous fangs.
You are tiny and dextrous.
Your spellcasting is less reliable in this form.
Your armour is entirely melded.
You are incapable of wielding weapons or throwing items.
You cannot wear most types of armour.
((You are amphibious.))
You can wear up to eight rings at the same time.
((Your skin changes colour to match your surroundings (Stealth+).))
((Your rubbery body absorbs attacks. (AC +1, EV +1)))
((You are camouflaged when in or above water. (Stealth+)))
((You have tentacles for arms and can constrict up to eight enemies at once.))


Message History

You see here a +0 dagger.
A goblin comes into view. It is wielding a +0 club.
The quokka bites you. The quokka completely misses you.
You tentacle-slap the quokka. Your grab misses the quokka.
You squeeze the quokka.
You kill the quokka!
The goblin shouts!
You hear a shout! x2
A goblin is nearby!
You barely miss the goblin. You grab the goblin. You constrict the goblin.
The goblin hits you with a +0 club.
You tentacle-slap the goblin.
You kill the goblin!
No target in view!
A gnoll comes into view. It is wielding a +2 whip of venom.
You see here a +0 club.
Casting: Spider Form (quite dangerous; 24% risk of failure)
Confirm with . or Enter, or press ? or * to list all spells.
The spell is quite dangerous to miscast (24% risk of failure)!
Continue anyway?
You turn into a venomous arachnid creature.
The gnoll shouts!
The gnoll misses you.
You hit the gnoll.
The gnoll is poisoned.
The gnoll is moderately wounded.
The gnoll hits you with a +2 whip of venom.
You are lethally poisoned!
You barely miss the gnoll.
The gnoll is moderately wounded.
You feel very sick.
The gnoll hits you with a +2 whip of venom!
* * * LOW HITPOINT WARNING * * *
A gnoll comes into view. It is wielding a +0 spear.
You are too injured to fight recklessly!
You hit the gnoll but do no damage.
The gnoll is moderately wounded.
* * * LOW HITPOINT WARNING * * *
You feel very sick. The gnoll misses you. The gnoll attacks as you move away!
The gnoll hits you with a +2 whip of venom.
You die...

### #.. #.#
#.# #.#
..###.#######
#.##....sgg.#
#.##†...###.#
#>##.##.#
#.##)##.#
#.##<##.###
#<..........
#.).....###.
####.##.#
#.#.#.#


You could see 2 gnolls.

Vanquished Creatures
  3 gnolls (D:2)
  2 dart slugs (D:1)
  4 bats
  6 endoplasms
  3 giant cockroaches
  6 goblins
  A hobgoblin (D:1)
  5 quokkas
  3 ball pythons
  2 frilled lizards (D:1)
  3 kobolds (D:1)
  2 rats
40 creatures vanquished.

Notes
Turn   | Place    | Note
-------+----------+-------------------------------------------
     0 | D:1      | Firos the Octopode Transmuter began the quest for the Orb.
     0 | D:1      | Reached XP level 1. HP: 13/13 MP: 3/3
    53 | D:1      | Reached XP level 2. HP: 13/18 MP: 5/5
   195 | D:1      | Found a faded altar of an unknown god.
   627 | D:1      | Reached XP level 3. HP: 23/23 MP: 6/6
   630 | D:1      | Learned a level 2 spell: Wereblood
   634 | D:1      | Learned a level 3 spell: Spider Form
  1582 | D:2      | Reached XP level 4. HP: 24/28 MP: 4/8
  2337 | D:3      | Slain by a gnoll

Illustrated notes

Levels and vault maps discovered:
D:1:      minmay_arrival_semitransparent, layout_rooms,
          hellmonk_ecumenical_altar_arch_garden, minmay_misc_feat_square,
          minmay_misc_feat_ornament, minmay_pentomino_u2
D:2:      layout_loops_ring
D:3:      layout_loops_ring, serial_shops, nicolae_diamond_shop,
          nicolae_shop_crystal, nicolae_square_shop, kennysheep_generic_room_15

Skill      XL: |  1  2 |
---------------+-------+-----
Transmutations | 3 |  3.8
Fighting       | |  1.0
Dodging        | |  2.0
Unarmed Combat | |  3.0
Spellcasting   | |  2.8

Action                   |  1- 3 |  4- 6 || total
-------------------------+-------+-------++-------
Melee: Unarmed           |    71 |    22 ||    93
       Tentacles         |    18 |     3 ||    21
       Constrict         |    19 |     4 ||    23
       Punch             |     1 |     2 ||     3
 Cast: Spider Form       |     1 |     1 ||     2
  Use: Scroll            |     1 |     1 ||     2
 Stab: Sleeping          |     3 |     2 ||     5
Armor: Skin              |     3 |     1 ||     4
Dodge: Dodged            |    41 |     9 ||    50
